team 1 (winner) 
              
              
bLinn (
purple | 144 APM | 770 actions | 05:21)
              
 2 Far Seer 
 1 Feral Spirit
 1 Chain Lighting
 
                » actions 
                
                | Assign group hotkey | 57 |  | 
| Basic commands | 1 |  | 
| Build / train | 29 |  | 
| Enter build submenu | 7 |  | 
| Enter hero's abilities submenu | 2 |  | 
| Right click | 231 |  | 
| Select / deselect | 74 |  | 
| Select group hotkey | 354 |  | 
| Use ability | 15 |  | 
                770 total
 » units 
                » buildings
                
                | Altar of Storms | 1 |  | 
| Orc Burrow | 4 |  | 
| Barracks | 1 |  | 
| Voodoo Lounge | 1 |  | 
| Stronghold | 4 |  | 
                11 total
 » build order
                00:03 Altar of Storms
00:13 Orc Burrow
00:40 Barracks
01:26 Orc Burrow
03:13 Orc Burrow
03:28 Voodoo Lounge
03:57 Stronghold
03:57 Stronghold
03:58 Stronghold
05:01 Orc Burrow
 
               
              
              
iggy_the_fisk (
red | 128 APM | 684 actions | 05:20)
              
 2 Mountain King 
 1 Storm Bolt
 1 Bash
 
                » actions 
                
                | Assign group hotkey | 141 |  | 
| Basic commands | 8 |  | 
| Build / train | 39 |  | 
| Enter build submenu | 15 |  | 
| Enter hero's abilities submenu | 2 |  | 
| Remove unit from queue | 9 |  | 
| Right click | 281 |  | 
| Select / deselect | 96 |  | 
| Select group hotkey | 70 |  | 
| Use ability | 23 |  | 
                684 total
 » units 
                » upgrades
                » buildings
                
                | Altar of Kings | 1 |  | 
| Farm | 3 |  | 
| Barracks | 1 |  | 
| Lumber Mill | 1 |  | 
| Scout Tower | 7 |  | 
| Guard Tower | 4 |  | 
| Keep | 1 |  | 
                18 total
 » build order
                00:04 Altar of Kings
00:27 Farm
00:34 Barracks
00:50 Farm
01:23 Farm
01:44 Lumber Mill
03:06 Scout Tower
03:28 Guard Tower
03:30 Scout Tower
03:58 Guard Tower
04:04 Scout Tower
04:22 Scout Tower
04:33 Scout Tower
04:44 Guard Tower
04:53 Keep
04:55 Guard Tower
04:57 Scout Tower
05:14 Scout Tower
 
               
              
              
Mata. (
orange | 116 APM | 622 actions | 05:20)
              
 2 Archmage 
 1 Summon Water Elemental
 1 Brilliance Aura
 
                » actions 
                
                | Assign group hotkey | 87 |  | 
| Basic commands | 5 |  | 
| Build / train | 28 |  | 
| Enter build submenu | 7 |  | 
| Enter hero's abilities submenu | 2 |  | 
| Right click | 253 |  | 
| Select / deselect | 146 |  | 
| Select group hotkey | 66 |  | 
| Use ability | 28 |  | 
                622 total
 » units 
                » buildings
                
                | Altar of Kings | 1 |  | 
| Farm | 3 |  | 
| Barracks | 1 |  | 
                5 total
 » build order
                00:05 Altar of Kings
00:19 Farm
00:24 Barracks
00:52 Farm
01:52 Farm
 
               
              
              
» 
timG4strok (
blue | 135 APM | 722 actions | 05:20)
              
 2 Archmage 
 1 Summon Water Elemental
 1 Brilliance Aura
 
                » actions 
                
                | Assign group hotkey | 7 |  | 
| Basic commands | 14 |  | 
| Build / train | 22 |  | 
| Enter build submenu | 17 |  | 
| Enter hero's abilities submenu | 2 |  | 
| Right click | 358 |  | 
| Select / deselect | 52 |  | 
| Select group hotkey | 229 |  | 
| Use ability | 21 |  | 
                722 total
 » units 
                » buildings
                
                | Altar of Kings | 1 |  | 
| Farm | 3 |  | 
| Barracks | 1 |  | 
| Lumber Mill | 1 |  | 
| Scout Tower | 8 |  | 
| Guard Tower | 3 |  | 
| Arcane Vault | 1 |  | 
                18 total
 » build order
                00:15 Altar of Kings
00:19 Farm
00:35 Barracks
00:55 Farm
01:29 Lumber Mill
03:05 Scout Tower
03:06 Scout Tower
03:06 Scout Tower
03:34 Guard Tower
03:34 Scout Tower
03:35 Scout Tower
03:35 Scout Tower
03:42 Arcane Vault
03:46 Farm
04:07 Guard Tower
04:14 Scout Tower
04:15 Scout Tower
04:51 Guard Tower
 
               team 2 (loser) 
              
              
angel-keitaro (
yellow | 43 APM | 225 actions | 05:14)
              
 1 Archmage 
 1 Summon Water Elemental
 
                » actions 
                
                | Assign group hotkey | 4 |  | 
| Build / train | 31 |  | 
| Enter build submenu | 9 |  | 
| Enter hero's abilities submenu | 1 |  | 
| Right click | 79 |  | 
| Select / deselect | 59 |  | 
| Select group hotkey | 30 |  | 
| Use ability | 12 |  | 
                225 total
 » units 
                » buildings
                
                | Altar of Kings | 1 |  | 
| Farm | 3 |  | 
| Barracks | 1 |  | 
| Scout Tower | 3 |  | 
| Arcane Tower | 2 |  | 
| Keep | 1 |  | 
| Lumber Mill | 1 |  | 
                12 total
 » build order
                00:04 Altar of Kings
00:05 Farm
00:24 Barracks
00:39 Farm
02:05 Farm
02:13 Scout Tower
02:16 Scout Tower
02:56 Arcane Tower
03:58 Scout Tower
03:59 Keep
04:46 Arcane Tower
04:50 Lumber Mill
 
               
              
              
» 
DIOSazteCA (
green | 30 APM | 152 actions | 05:07)
              
 1 Tauren Chieftain 
 1 War Stomp
 
                » actions 
                
                | Build / train | 10 |  | 
| Enter build submenu | 6 |  | 
| Enter hero's abilities submenu | 1 |  | 
| Right click | 55 |  | 
| Select / deselect | 66 |  | 
| Use ability | 14 |  | 
                152 total
 » units 
                » buildings
                
                | Altar of Storms | 1 |  | 
| Orc Burrow | 2 |  | 
| Barracks | 1 |  | 
| War Mill | 1 |  | 
| Watch Tower | 1 |  | 
                6 total
 » build order
                00:08 Altar of Storms
00:11 Orc Burrow
00:47 Barracks
01:42 Orc Burrow
02:21 War Mill
03:40 Watch Tower
 
               
              
              
» 
LOBOFURTIVO (
pink | 28 APM | 151 actions | 05:19)
              
 1 Blademaster 
 1 Wind Walk
 
                » actions 
                
                | Assign group hotkey | 9 |  | 
| Build / train | 11 |  | 
| Enter build submenu | 8 |  | 
| Enter hero's abilities submenu | 1 |  | 
| Right click | 42 |  | 
| Select / deselect | 48 |  | 
| Select group hotkey | 17 |  | 
| Use ability | 15 |  | 
                151 total
 » units 
                » buildings
                
                | Altar of Storms | 1 |  | 
| Orc Burrow | 4 |  | 
| Barracks | 2 |  | 
| Voodoo Lounge | 2 |  | 
| War Mill | 1 |  | 
                10 total
 » build order
                00:12 Altar of Storms
00:17 Orc Burrow
00:29 Barracks
00:32 Barracks
01:28 Voodoo Lounge
01:55 War Mill
02:12 Orc Burrow
03:00 Orc Burrow
03:01 Orc Burrow
04:58 Voodoo Lounge
 
               
              
              
» 
Platinum.Angel (
teal | 32 APM | 164 actions | 05:10)
              
 1 Shadow Hunter 
 1 Healing Wave
 
                » actions 
                
                | Assign group hotkey | 2 |  | 
| Basic commands | 1 |  | 
| Build / train | 18 |  | 
| ESC pressed | 1 |  | 
| Enter build submenu | 6 |  | 
| Enter hero's abilities submenu | 1 |  | 
| Right click | 59 |  | 
| Select / deselect | 58 |  | 
| Select group hotkey | 2 |  | 
| Use ability | 16 |  | 
                164 total
 » units 
                
                | Peon | 5 |  | 
| Grunt | 7 |  | 
| Troll Headhunter/Berserker | 2 |  | 
                14 total
 » buildings
                
                | Altar of Storms | 1 |  | 
| Orc Burrow | 2 |  | 
| Barracks | 2 |  | 
| War Mill | 1 |  | 
                6 total
 » build order
                00:10 Altar of Storms
00:14 Orc Burrow
00:34 Barracks
01:33 War Mill
01:38 Orc Burrow
02:57 Barracks